Map: Ephemeron LE

Players

Ratl - Winner!

  • Race: Protoss Protoss
  • League: Silver
  • Spawn Location: 5:00

Erick

  • Race: Terran Terran
  • League: Silver
  • Spawn Location: 11:00

VOD

Have the link to the VOD?

Description

Time

  • Played on: Jan. 16, 2020, 1:23 p.m.
  • Length: 10:36
Show
View Real Time Build Order
Export as new Build Order

Ratl Protoss - Winner!

Build Orders:  

Get SALT Encoding   

  12  0:01  Probe  
  13  0:13  Probe  
  14  0:19  Pylon  
  14  0:25  Probe  
  15  0:37  Probe  
  15  0:39  Gateway  
  16  0:49  Probe  
  17  0:54  Assimilator  
  17  0:59  Assimilator  
  17  1:01  Probe  
  18  1:13  Probe  
  19  1:26  Probe  
  19  1:28  Gateway  
  19  1:31  Cybernetics Core  
  20  1:38  Probe  
  21  1:50  Probe  
  22  1:58  Pylon  
  22  2:02  Probe, Pylon  
  22  2:04  Warp Gate (Chrono Boost)  
  23  2:16  Probe, Adept x2  
  28  2:28  Probe  
  29  2:40  Probe  
  30  2:52  Probe  
  30  2:56  Nexus  
  31  3:04  Probe  
  31  3:06  Stalker  
  33  3:16  Probe  
  34  3:28  Probe  
  35  3:40  Probe  
  34  4:05  Probe  
  35  4:17  Probe  
  35  4:20  Pylon  
  35  4:21  Stargate  
  35  4:22  Stargate  
  36  4:26  Probe (Chrono Boost)  
  36  4:27  Gateway  
  38  4:34  Probe (Chrono Boost)  
  38  4:38  Probe (Chrono Boost), Stalker  
  39  4:39  Stalker  
  39  4:44  Probe (Chrono Boost)  
  45  4:46  Probe (Chrono Boost)  
  45  4:52  Probe (Chrono Boost)  
  46  5:00  Probe  
  46  5:01  Probe  
  46  5:05  Protoss Air Weapons Level 1 (Chrono Boost)  
  48  5:09  Assimilator  
  48  5:10  Oracle x2  
  48  5:11  Assimilator  
  48  5:12  Probe, Pylon  
  48  5:14  Probe  
  56  5:20  Forge  
  56  5:21  Stalker x2  
  58  5:23  Shield Battery  
  58  5:24  Probe  
  58  5:26  Probe  
  62  5:32  Stalker  
  64  5:39  Probe  
  64  5:40  Probe  
  66  5:51  Probe  
  66  5:52  Probe  
  66  5:57  Fleet Beacon, Stalker x2  
  68  6:24  Probe x2  
  70  6:44  Nexus  
  70  6:52  Pylon  
  70  6:57  Pylon  
  70  6:58  Pylon  
  70  6:59  Pylon  
  70  7:00  Pylon  
  70  7:01  Pylon  
  70  7:10  Probe x2, Void Ray  
  70  7:15  Void Ray  
  78  7:30  Probe x2  
  78  7:36  Protoss Ground Weapons Level 1 (Chrono Boost)  
  79  7:39  Stargate  
  79  7:42  Probe x2, Gateway  
  81  7:45  Unknown  
  81  7:53  Void Ray (Chrono Boost)  
  81  7:58  Void Ray (Chrono Boost)  
  89  8:05  Photon Cannon  
  89  8:09  Probe x3, Photon Cannon  
  89  8:10  Stalker  
  89  8:11  Assimilator, Stalker x2  
  98  8:14  Assimilator  
  98  8:21  Probe, Photon Cannon  
  98  8:25  Photon Cannon  
  99  8:28  Void Ray (Chrono Boost)  
  99  8:32  Void Ray (Chrono Boost)  
  107  8:37  Void Ray (Chrono Boost)  
  111  8:48  Stalker x2  
  111  8:49  Stalker x2  
  111  8:55  Void Ray  
  119  8:59  Robotics Facility  
  123  9:24  Void Ray (Chrono Boost)  
  123  9:25  Void Ray (Chrono Boost)  
  131  9:35  Stalker  
  130  9:38  Nexus  
  130  9:42  Assimilator  
  130  9:45  Pylon  
  116  9:55  Void Ray (Chrono Boost)  
Show
View Real Time Build Order
Export as new Build Order

Erick Terran 

Build Orders:  

Get SALT Encoding   

  12  0:10  SCV  
  13  0:22  SCV  
  14  0:29  Supply Depot  
  14  0:34  SCV  
  15  0:39  Refinery  
  15  0:56  Barracks  
  15  0:59  Supply Depot  
  15  1:06  SCV  
  16  1:18  SCV  
  17  1:28  Supply Depot  
  17  1:30  SCV  
  18  1:42  SCV  
  18  1:44  Marine  
  20  1:54  SCV  
  21  2:02  Marine, Barracks  
  21  2:06  SCV  
  21  2:07  Refinery  
  23  2:10  Engineering Bay  
  23  2:19  SCV  
  23  2:20  Reaper  
  25  2:38  Barracks  
  25  2:52  Reaper  
  26  3:18  Marine  
  26  3:24  Marine  
  26  3:26  Orbital Command  
  27  3:36  Marine  
  26  3:42  Marine  
  26  3:47  Marine  
  26  4:00  Marine  
  26  4:04  Marine  
  27  4:11  SCV  
  28  4:21  Barracks Reactor  
  28  4:23  SCV  
  29  4:24  Marine  
  29  4:27  Marine  
  31  4:32  Factory  
  31  4:42  Marine  
  31  4:44  SCV  
  31  4:45  Marine  
  34  4:58  Missile Turret  
  34  5:01  Marine  
  34  5:02  Marine  
  34  5:03  Marine  
  37  5:19  Marine x2  
  39  5:25  Missile Turret, Factory Tech Lab  
  39  5:34  Supply Depot  
  39  5:39  Barracks Reactor  
  39  5:49  Supply Depot  
  39  5:54  Marine  
  36  6:09  Siege Tank  
  39  6:12  Marine x2  
  39  6:17  SCV  
  42  6:22  Supply Depot  
  42  6:24  Supply Depot  
  42  6:29  SCV  
  42  6:30  Marine x2  
  45  6:39  Marine x2, Factory  
  46  6:41  Barracks Reactor  
  47  6:51  Missile Turret  
  47  6:56  Missile Turret  
  47  6:57  Marine x2  
  47  6:59  SCV  
  50  7:11  SCV  
  48  7:34  Missile Turret  
  48  7:35  Missile Turret  
  48  7:44  Factory Tech Lab  
  48  7:45  Siege Tank  
  51  8:05  Command Center  
  51  8:12  Marine  
  51  8:13  Marine x3  
  51  8:17  Siege Tank  
  58  8:21  Siege Tank  
  58  8:25  SCV  
  62  8:30  Marine x2  
  62  8:31  Marine x2  
  66  8:37  SCV  
  66  8:39  Marine x2  
  69  8:48  Marine x2  
  71  9:04  Supply Depot  
  71  9:17  SCV  
  71  9:18  Cyclone  
  71  9:19  Cyclone  
  78  9:24  SCV  
  79  9:32  Armory  
  40  10:01  Marine x2  
  40  10:02  Marine x2  
  40  10:03  Marine x2  
  41  10:10  Missile Turret  
Tags
 
Add a new tag
Caveats
  • Supply blocks, unpowered buildings, or Contaminate may cause inaccurate times.
  • Supply counts are checked every 10 seconds.